 Dungeon Crawl Stone Soup version 0.21-a0-85-ga0cb861 (webtiles) character file.

13265 kuniqs the Blocker (level 12, -1/62 HPs)
             Began as a Vine Stalker Fighter on June 25, 2017.
             Was a Follower of Uskayaw.
             Engulfed by an ice statue's freezing vapour (12 damage)
             ... in an ice cave.
             The game lasted 00:20:40 (9333 turns).

kuniqs the Blocker (Vine Stalker Fighter)           Turns: 9333, Time: 00:20:40

Health: -1/62      AC: 22    Str: 20    XL:     12   Next: 4%
Magic:  0/17       EV:  8    Int:  7    God:    Uskayaw [*.....]
Gold:   291        SH: 17    Dex: 18    Spells: 11/11 levels left

rFire    + . .     SeeInvis .   I - +1 short sword (flame)
rCold    . . .     Gourm    .   K - +0 large shield {AC+3}
rNeg     + . .     Faith    .   L - +3 chain mail {rF+}
rPois    +         Spirit   +   (no helmet)
rElec    .         Reflect  .   G - +2 ratskin cloak {+Rats rPois rN+ Str-1 Int-1 Dex+1}
rCorr    +         Harm     .   g - +0 pair of gloves
MR       +....                  E - +0 pair of boots
Stlth    ..........             (no amulet)
HPRegen  1.00/turn              r - ring of resist corrosion
MPRegen  0.15/turn              (no ring)

@: no status effects
A: fangs 3, regeneration 2, magic shield, antimagic bite, no potion heal 3, rot
immunity
a: Stomp, Renounce Religion, Evoke Ratskin


You were in an ice cave.
You worshipped Uskayaw.
Uskayaw was noncommittal.
You were not hungry.

You visited 2 branches of the dungeon, and saw 12 of its levels.
You also visited: Ice Cave.

You collected 823 gold pieces.
You spent 532 gold pieces at shops.

Inventory:

Hand Weapons
 B - a +0 short sword of draining
 I - a +1 short sword of flaming (weapon)
Armour
 g - a +0 pair of gloves (worn)
 E - a +0 pair of boots (worn)
 G - the +2 ratskin cloak (worn) {+Rats rPois rN+ Str-1 Int-1 Dex+1}
   (You found it on level 7 of the Dungeon)

   It affects your strength (-1).
   It affects your intelligence (-1).
   It affects your dexterity (+1).
   It protects you from poison.
   It protects you from negative energy.
 K - a +0 large shield of protection (worn)
 L - a +3 chain mail of fire resistance (worn)
Jewellery
 r - a ring of resist corrosion (left hand)
 s - an uncursed ring of fire
Wands
 j - a wand of enslavement (19/24)
 o - a wand of polymorph (20/24)
 y - a wand of lightning (7/15)
 H - a wand of iceblast (10/15)
 J - a wand of acid (4/15)
Scrolls
 a - 2 scrolls of teleportation
 n - 3 scrolls of immolation
 p - a scroll of recharging
 q - a scroll of enchant armour
 u - 2 scrolls of fog
 v - 3 scrolls of remove curse {@r2}
 w - 3 scrolls of magic mapping
 z - 2 scrolls of blinking
 A - 2 scrolls of identify {@r1}
 D - a scroll of enchant weapon {unknown}
 F - a scroll of fear {unknown}
Potions
 b - 2 potions of degeneration {unknown}
 f - a potion of might
 h - 3 potions of curing {@q1}
 i - 2 potions of cancellation
 k - 3 potions of agility
 m - 2 potions of flight
 x - 2 potions of lignification {unknown}
 C - a potion of resistance
Comestibles
 c - 3 chunks of flesh
 d - 6 bread rations
 e - 6 meat rations
 t - 6 royal jellies


   Skills:
 + Level 6.9 Fighting
 + Level 6.6 Short Blades
 + Level 6.2 Armour
 + Level 5.5 Dodging
 * Level 9.6 Shields
 + Level 5.2 Invocations
 + Level 6.0 Evocations


You had 11 spell levels left.
You didn't know any spells.

Dungeon Overview and Level Annotations

Branches:
Dungeon (11/15)            Temple (1/1) D:6            Lair (0/6) D:9
    Orc (0/2) D:9

Altars:
Cheibriados
Dithmenos
Fedhas
Hepliaklqana
Kikubaaqudgha
Makhleb
Nemelex Xobeh
Okawaru
Ru
Sif Muna
Trog
Uskayaw
Vehumet
Wu Jian
Xom
Zin

Shops:
D:6 [   D:10 [

Annotations:
D:8 2 transporters
D:10 1 exclusion IceCv exclusion: ice statue


Innate Abilities, Weirdness & Mutations

You have razor-sharp teeth.
You heal very quickly.
When hurt, damage is shared between your health and your magic reserves.
Your bite disrupts and absorbs the magic of your enemies.
Potions cannot restore your health.
You are immune to rotting.


Message History

You bite the ice statue.
The ice statue's magic leaks into the air.
You drain its magic. You hit the ice statue.
You melt the ice statue.
You bite the ice statue, but do no damage.
The ice statue gestures at you. The shard of ice hits you!
You hit the ice statue.
You melt the ice statue.
You bite the ice statue, but do no damage.
You hit the ice statue but do no damage.
The ice statue glitters chillingly in the dim dungeon light.
The ice statue gestures at you. The freezing blast engulfs you!
You hit the ice statue but do no damage.
You are engulfed in freezing vapours.
The ice statue gestures at you. The bolt of cold hits you!
* * * LOW HITPOINT WARNING * * *
You are engulfed in freezing vapours.
You die...

### ##..# ##....#
#......## .......§##
#### ......§§8# ####
##..##
......§§####..#####....#
......§@§##....##.......
........§...#.......∩.∩.
...........###..........
.........####....##....#
........## ##.######..##
#........# #.#.# ####
#.......## ##.##
##.....## #..# #.....#
##.##


You could see an ice statue.

Vanquished Creatures
  2 unseen horrors
  Pikel (D:5)
  2 cyclopes (D:11)
  2 centaur skeletons (D:10)
  An ice statue (IceCv)
  A kobold demonologist (D:11)
  A rime drake (IceCv)
  A yaktaur (D:10)
  A troll (D:9)
  Prince Ribbit (D:5)
  3 hippogriffs
  6 yaks
  A wyvern (D:8)
  A human (D:10)
  3 hogs (D:10)
  Menkaure (D:5)
  An acid dragon (shapeshifter) (D:11)
  Duvessa (D:5)
  21 ice beasts
  2 black bears
  5 orc warriors
  3 sky beasts
  5 ogres
  A phantom (D:9)
  2 centaurs (D:9)
  4 big kobolds (D:11)
  5 bullfrogs
  Dowan (D:5)
  A wyvern zombie (D:9)
  4 killer bees (D:9)
  13 wights
  3 crimson imps
  A howler monkey (D:10)
  A bullfrog zombie (D:9)
  A jelly (D:11)
  2 quasits
  4 orc priests
  A hound (D:11)
  4 iguanas
  4 orc wizards
  6 worker ants
  A killer bee zombie (D:5)
  3 hound skeletons
  2 worker ant zombies
  6 adders
  A shadow imp (D:8)
  2 oozes
  An adder zombie (D:4)
  2 worms
  3 dart slugs
  5 leopard geckos
  20 orcs
  7 bats
  5 giant cockroaches
  6 goblins
  8 hobgoblins
  6 jackals
  4 quokkas
  3 ball pythons
  2 frilled lizards
  8 kobolds
  3 quokka skeletons
  5 rats
227 creatures vanquished.

Vanquished Creatures (collateral kills)
  A two-headed ogre (D:9)
  A rime drake (IceCv)
  2 ice beasts (IceCv)
  An orc priest (D:7)
  An orc (D:7)
6 creatures vanquished.

Vanquished Creatures (others)
  An orc wizard (D:8)
  7 toadstools (D:1)
8 creatures vanquished.

Grand Total: 241 creatures vanquished

Notes
Turn   | Place    | Note
-------+----------+-------------------------------------------
     0 | D:1      | kuniqs the Vine Stalker Fighter began the quest for the Orb.
     0 | D:1      | Reached XP level 1. HP: 11/11 MP: 2/2
   388 | D:1      | Reached XP level 2. HP: 15/16 MP: 3/3
   921 | D:2      | Reached skill level 3 in Shields
   966 | D:2      | Noticed Terence
  1032 | D:1      | Reached XP level 3. HP: 7/19 MP: 4/4
  1354 | D:2      | Found an ornate altar of the Wu Jian Council.
  1696 | D:2      | Noticed Terence
  1696 | D:2      | Terence changed into Terence the ball python
  1701 | D:2      | Killed Terence the ball python
  2131 | D:3      | Gained mutation: Your natural rate of healing is unusually fast. [Vine Stalker growth]
  2131 | D:3      | Reached XP level 4. HP: 24/24 MP: 5/5
  2245 | D:3      | Reached skill level 1 in Dodging
  2443 | D:4      | Found a shimmering altar of Xom.
  2537 | D:4      | Found a radiant altar of Vehumet.
  2764 | D:4      | You fall through a shaft for 3 floors!
  2858 | D:6      | Found Qepsies's Armour Boutique.
  2865 | D:5      | Entered Level 5 of the Dungeon
  2866 | D:5      | Reached XP level 5. HP: 18/28 MP: 3/6
  2956 | D:4      | Found a bloodstained altar of Trog.
  3080 | D:4      | Found a burning altar of Makhleb.
  3131 | D:4      | Found a sparkling altar of Nemelex Xobeh.
  3279 | D:5      | Noticed a slave
  3280 | D:5      | Noticed Pikel
  3300 | D:5      | Noticed a slave
  3304 | D:5      | Noticed a slave
  3309 | D:5      | Noticed a slave
  3315 | D:5      | Killed Pikel
  3315 | D:5      | Reached skill level 4 in Shields
  3315 | D:5      | Reached skill level 1 in Evocations
  3315 | D:5      | Reached XP level 6. HP: 29/33 MP: 5/8
  3315 | D:5      | Reached XP level 7. HP: 32/37 MP: 5/9
  3468 | D:5      | Found a shadowy altar of Dithmenos.
  3483 | D:5      | Noticed Duvessa
  3483 | D:5      | Noticed Dowan
  3531 | D:5      | Killed Duvessa
  3537 | D:5      | Killed Dowan
  3637 | D:5      | Noticed Menkaure
  3649 | D:5      | Killed Menkaure
  3649 | D:5      | Reached skill level 5 in Shields
  3649 | D:5      | Gained mutation: You have razor-sharp teeth. [Vine Stalker growth]
  3649 | D:5      | Reached XP level 8. HP: 21/42 MP: 10/10
  3677 | D:5      | Found a sacrificial altar of Ru.
  4016 | D:5      | Found a blossoming altar of Fedhas.
  4083 | D:6      | Noticed Prince Ribbit
  4239 | D:5      | Killed Prince Ribbit
  4545 | D:6      | Found a hide-covered altar of Uskayaw.
  4548 | D:6      | Became a worshipper of Uskayaw the Reveler
  4611 | D:6      | Found a staircase to the Ecumenical Temple.
  4615 | Temple   | Entered the Ecumenical Temple
  4738 | D:7      | Reached XP level 9. HP: 40/46 MP: 12/12
  4738 | D:7      | Reached * piety under Uskayaw
  4867 | D:7      | Reached ** piety under Uskayaw
  5075 | D:7      | Reached skill level 6 in Shields
  5342 | D:8      | Found a transporter.
  5345 | D:8      | Found a transporter.
  5354 | D:8      | Noticed an ogre mage
  5358 | D:8      | Found an ancient bone altar of Kikubaaqudgha.
  5383 | D:8      | POTENTIALLY GOOD ARMOUR
  5387 | D:8      | Noticed Psyche
  5415 | D:8      | Reached skill level 1 in Invocations
  5418 | D:8      | Noticed Psyche
  5418 | D:8      | Psyche changed into Psyche the ogre
  5438 | D:8      | Killed Psyche the ogre
  5440 | D:8      | Reached *** piety under Uskayaw
  5446 | D:8      | Reached **** piety under Uskayaw
  5460 | D:8      | Reached skill level 5 in Fighting
  5578 | D:8      | Reached ***** piety under Uskayaw
  6062 | D:9      | Noticed a two-headed ogre
  6078 | D:9      | Killed a two-headed ogre
  6078 | D:9      | Reached skill level 5 in Short Blades
  6078 | D:9      | Reached skill level 7 in Shields
  6194 | D:9      | Reached XP level 10. HP: 51/51 MP: 14/14
  6272 | D:9      | Found a staircase to the Orcish Mines.
  6274 | D:9      | Found a staircase to the Lair.
  6424 | D:9      | Found an iron altar of Okawaru.
  7122 | D:9      | Found a snail-covered altar of Cheibriados.
  7249 | D:10     | Entered Level 10 of the Dungeon
  7249 | D:10     | Found a sacrificial altar of Ru.
  7265 | D:9      | Reached skill level 5 in Armour
  7504 | D:10     | Found Esywisy's Armour Emporium.
  7519 | D:10     | Bought a +0 large shield of protection for 161 gold pieces
  7696 | D:10     | Reached skill level 8 in Shields
  7749 | D:9      | Killed an unseen horror
  7749 | D:9      | Reached skill level 5 in Evocations
  7834 | D:10     | Reached XP level 11. HP: 55/56 MP: 15/15
  8224 | D:10     | Noticed a two-headed ogre
  8224 | D:10     | Noticed a centaur warrior
  8316 | D:10     | Killed an unseen horror
  8383 | D:10     | Bought a +3 chain mail of fire resistance for 371 gold pieces
  8442 | D:11     | Reached skill level 5 in Dodging
  8742 | D:11     | Noticed a cyclops
  8755 | D:11     | Killed a cyclops
  8755 | D:11     | Reached skill level 9 in Shields
  8792 | D:11     | Noticed a cyclops
  8807 | D:11     | Killed a cyclops
  8920 | D:11     | Reached ****** piety under Uskayaw
  8936 | D:11     | Found a frozen archway.
  8991 | D:11     | Reached skill level 5 in Invocations
  9022 | IceCv    | Entered an ice cave
  9117 | IceCv    | Gained mutation: You heal very quickly. [Vine Stalker growth]
  9117 | IceCv    | Reached XP level 12. HP: 55/62 MP: 15/17
  9333 | IceCv    | Engulfed by an ice statue's freezing vapour

Vault maps used:
D:1:      nagdon_arrival_zigzag_paths
D:2:      nicolae_overflow_crystal_walls, first_bread, uniq_terence
D:4:      lemuel_round_altar, vehumet_crystals, bloody_trog,
          kennysheep_little_box, nicolae_overflow_hidden_temple
D:5:      lemuel_crystal_altar, lemuel_coloured_pillars_altar,
          nicolae_ru_great_annihilating_truth, uniq_duvessa, uniq_pikel,
          uniq_menkaure
D:6:      kennysheep_mini, temple_hall_moat, serial_shops,
          nicolae_shop_waterfront, uniq_prince_ribbit1
D:8:      gammafunk_temple_overflow_arena, minmay_fountain_box, uniq_psyche
D:9:      old_standard_altar, cheibrodos_worm_habitat, lair_entry_dummy,
          orc_0_dummy
D:10:     kennysheep_big_flooded_room, serial_shops, shop, basic_altar,
          grunt_livestock, onia_ninara_dug_in_and_dangerous
D:11:     serial_corexii_hall, corexii_hall_statues_t, corexii_hall_statues_l,
          corexii_hall_statues_i, corexii_hall_statues_deadend,
          corexii_hall_statues_l, corexii_hall_statues_t,
          portal_ice_cave_entry_ice_beasts, eino_jars
Temple:   cyrus_temple_forest
IceCv:    ice_cave_small_dragons

Skill      XL: |  1  2  3  4  5  6  7  8  9 10 11 |
---------------+----------------------------------+-----
Short Blades   | 2 3 4 5 6 |  6.6
Shields        | 3 4 5 7 8 9 |  9.6
Fighting       | 3 4 5 6 |  6.9
Dodging        | 1 2 3 4 5 |  5.5
Armour         | 3 4 5 6 |  6.2
Evocations     | 1 2 3 4 5 6 |  6.0
Invocations    | 2 3 5 |  5.2

Action                   |  1- 3 |  4- 6 |  7- 9 | 10-12 || total
-------------------------+-------+-------+-------+-------++-------
Melee: Rapier            |   103 |       |       |       ||   103
       Bite              |    31 |    21 |   124 |   270 ||   446
       Trident           |    18 |     2 |       |       ||    20
       Hand axe          |       |    93 |    16 |       ||   109
       Dagger            |       |       |    37 |       ||    37
       Short sword       |       |       |   314 |   621 ||   935
Invok: Line Pass         |       |       |       |     2 ||     2
 Abil: Evoke Ratskin     |       |       |     7 |     3 ||    10
Evoke: Wand              |     1 |       |     1 |       ||     2
  Use: Scroll            |     5 |     1 |     7 |     1 ||    14
       Potion            |     4 |     2 |     2 |       ||     8
 Stab: Paralysed         |       |       |     5 |    27 ||    32
  Eat: Chunk             |     4 |     4 |    10 |    12 ||    30
       Royal jelly       |       |       |     1 |       ||     1
Armor: Scale mail        |    41 |    32 |   116 |   225 ||   414
       Chain mail        |       |       |       |   122 ||   122
Dodge: Dodged            |    28 |    20 |   112 |   159 ||   319
Block: Shield            |    64 |    38 |   175 |   115 ||   392
       Large shield      |       |       |       |   428 ||   428
